 Dungeon Crawl Stone Soup version 0.26-a0-670-g578ab304f5 (webtiles) character file.

Game seed: 13965610411889814693

1267 Murumi the Fighter (level 8, -9/88 HPs)
             Began as an Ogre Conjurer on Oct 19, 2020.
             Mangled by Burgietje's ghost (13 damage)
             ... on level 5 of the Dungeon.
             The game lasted 00:20:41 (7869 turns).

Murumi the Fighter (Ogre Conjurer)                  Turns: 7869, Time: 00:20:42

Health: -9/88      AC:  5    Str: 20      XL:     8   Next: 53%
Magic:  12/12      EV:  7    Int: 19      God:
Gold:   149        SH:  8    Dex:  3 (7)  Spells: 10/13 levels left

rFire    . . .     SeeInvis .   i - +1 mace (holy)
rCold    . . .     Faith    .   r - +0 kite shield
rNeg     . . .     Spirit   .   a - +0 robe
rPois    .         Reflect  .   (helmet restricted)
rElec    .         Harm     .   s - +1 cloak
rCorr    +         Rampage  .   (gloves unavailable)
MR       .....                  (boots unavailable)
Stlth    +.........             n - amulet of magic regeneration
HPRegen  0.24/turn              h - ring of resist corrosion
MPRegen  0.38/turn              o - +6 ring of strength

@: no status effects
A: large, unfitting armour, tough skin 1
a: no special abilities


You were on level 5 of the Dungeon.
You visited 1 branch of the dungeon, and saw 5 of its levels.

You collected 297 gold pieces.
You spent 148 gold pieces at shops.

Inventory:

Hand Weapons
 e - a +1 whip
 i - a +1 mace of holy wrath (weapon)
Missiles
 f - 140 stones (quivered)
 g - 45 poisoned darts
Armour
 a - a +0 robe (worn)
 r - a +0 kite shield (worn)
 s - a +1 cloak (worn)
Jewellery
 h - a ring of resist corrosion (left hand)
 n - an amulet of magic regeneration (around neck)
 o - a +6 ring of strength (right hand)
Scrolls
 c - 2 scrolls of magic mapping
 k - a scroll of enchant weapon
 l - a scroll of teleportation
 m - 2 scrolls of remove curse
 p - 3 scrolls of identify
Potions
 b - a potion of invisibility
 d - 6 potions of curing
 j - a potion of heal wounds


   Skills:
 - Level 8.0 Fighting
 - Level 3.0 Maces & Flails
 - Level 4.0 Throwing
 - Level 3.0 Dodging
 - Level 2.0 Stealth
 + Level 3.2 Shields
 - Level 3.0 Spellcasting
 - Level 4.0 Conjurations


You had 10 spell levels left.
You knew the following spells:

 Your Spells              Type           Power        Failure   Level
a - Magic Dart            Conj           ###.         10%         1
b - Searing Ray           Conj           ###...       16%         2

Your spell library contained the following spells:

 Spells                   Type           Power        Failure   Level
 Shock                    Conj/Air       ##..         22%         1
 Dazzling Flash           Conj/Hex       ##....       56%         3
 Static Discharge         Conj/Air       ##......     56%         3
 Swiftness                Air            #.......     61%         2
 Fulminant Prism          Conj/Hex       ##........   92%         4
 Iskenderun's Mystic Bla  Conj/Tloc      ##......     92%         4
 Airstrike                Air            #.........   99%         4
 Lightning Bolt           Conj/Air       ##........   99%         5


Dungeon Overview and Level Annotations

Branches:
Dungeon (5/15)
 Temple: D:4-7

Altars:
Ashenzari
Dithmenos
Elyvilon
Fedhas
Hepliaklqana
Makhleb
Sif Muna
Trog
Yredelemnul

Shops:
D:5 ?(=[=

Annotations:
D:5 Burgietje's ghost, amateur GrFi


Innate Abilities, Weirdness & Mutations

You are too large for most types of armour.
You have tough skin. (AC +1)


Message History

You block Burgietje's ghost's attack.
You barely miss Burgietje's ghost.
Burgietje's ghost is almost destroyed.
You block Burgietje's ghost's attack.
You hit Burgietje's ghost but do no damage.
Burgietje's ghost is almost destroyed.
Burgietje's ghost barely misses you.
You hit Burgietje's ghost but do no damage.
Burgietje's ghost is almost destroyed.
Burgietje's ghost hits you!
* * * LOW HITPOINT WARNING * * *
Quiver which item? (- for none, * to show all) (? for menu, Esc to quit)
Quivering
q - a throwing net for throwing.
Throwing (i - inventory. (/) - cycle)
q - a throwing net (quivered)
Press: ? - help, Shift-Dir - straight line, f - Burgietje's ghost
Aim: Burgietje's ghost (almost destroyed, immune to nets)
You throw a throwing net.
The throwing net barely misses Burgietje's ghost.
Burgietje's ghost hits you!
You die...

....#.# ##.##...##...##.......
.####.### #..#####..#.##........
## #[..####.##.[.#..#.#....###.#
###..#...##.≈.#.......8####.#
##.#.####.≈.#.#....#.# #..# #...#
#.≈.#.......<# #.##
#...####.≈.#<#...##.###.#
###....###W##...#.##∩.#..## ##
#.........@................ .#
#######..#.###...#.#8..####
.######........#.....#.#.#....##
........######.###.#.#.#...)#..#
....##### #...>...#.#..####.##
###...#########..##.##....# ##...
....................##....###..##
###########...##(...##.##.##.§.§.
##.....((.......#.§§..≈


You could see Burgietje's ghost.

Vanquished Creatures
  The ghost of ANON1729 the Twirler, an amateur MiWn (D:3)
  A water moccasin (D:3)
  2 centaurs (D:5)
  2 ogres (D:4)
  2 scorpions (D:5)
  A howler monkey (D:4)
  A quasit (D:5)
  A bullfrog skeleton (D:4)
  A gnoll shaman (D:5)
  A hound (D:4)
  An iguana (D:4)
  An orc wizard (D:4)
  3 worker ants
  A hound zombie (D:5)
  A howler monkey skeleton (D:5)
  A worker ant zombie (D:5)
  11 gnolls
  6 adders
  2 white imps (D:5)
  6 worms
  5 dart slugs
  4 leopard geckos
  3 orcs
  9 bats
  5 giant cockroaches
  4 goblins (D:1)
  4 hobgoblins
  8 jackals
  2 quokkas (D:3)
  A ball python skeleton (D:4)
  6 frilled lizards
  11 kobolds
  6 rats
114 creatures vanquished.

Notes
Turn   | Place    | Note
-------+----------+-------------------------------------------
     0 | D:1      | Murumi the Ogre Conjurer began the quest for the Orb.
     0 | D:1      | Reached XP level 1. HP: 16/16 MP: 3/3
   219 | D:1      | Reached XP level 2. HP: 23/24 MP: 3/5
   305 | D:1      | Learned a level 2 spell: Searing Ray
   804 | D:1      | Reached XP level 3. HP: 31/31 MP: 5/7
  1399 | D:2      | Reached skill level 1 in Fighting
  1456 | D:2      | Found a burning altar of Makhleb.
  1466 | D:1      | Reached skill level 1 in Throwing
  1641 | D:2      | Reached XP level 4. HP: 42/42 MP: 1/8
  1758 | D:2      | Reached skill level 2 in Fighting
  1908 | D:2      | Reached skill level 1 in Maces & Flails
  2068 | D:2      | Reached skill level 3 in Fighting
  2143 | D:2      | Reached XP level 5. HP: 53/53 MP: 5/9
  2596 | D:3      | Noticed a water moccasin
  2597 | D:3      | Found a runed translucent door.
  2610 | D:3      | You fall into a shaft and drop 2 floors!
  2610 | D:5      | Entered Level 5 of the Dungeon
  2610 | D:5      | Found Locuxoho's Magic Scroll Shoppe.
  2610 | D:5      | Found a blossoming altar of Fedhas.
  2610 | D:5      | Found Zing's Antique Weapon Shoppe.
  2611 | D:5      | Noticed a centaur
  2627 | D:5      | Killed a centaur
  2627 | D:5      | Reached skill level 4 in Fighting
  2908 | D:5      | Reached XP level 6. HP: 59/62 MP: 2/10
  2974 | D:5      | Found a shadowy altar of Dithmenos.
  3127 | D:5      | Reached skill level 5 in Fighting
  3396 | D:5      | Found Mafuaw's Jewellery Shoppe.
  3408 | D:5      | Found a runed translucent door.
  3518 | D:3      | Reached XP level 7. HP: 72/74 MP: 8/11
  3518 | D:3      | Reached skill level 6 in Fighting
  4043 | D:5      | Bought a glowing whip for 148 gold pieces
  4278 | D:3      | Noticed ANON1729's ghost (amateur MiWn)
  4902 | D:3      | Killed ANON1729's ghost
  5104 | D:4      | Found a broken altar of Ashenzari.
  5122 | D:4      | Reached XP level 8. HP: 54/84 MP: 9/12
  5122 | D:4      | Reached skill level 7 in Fighting
  5322 | D:4      | Found a basalt altar of Yredelemnul.
  5512 | D:4      | Found a white marble altar of Elyvilon.
  5908 | D:4      | Reached skill level 8 in Fighting
  6166 | D:4      | Reached skill level 1 in Shields
  6459 | D:5      | Found Nepaudoo's Armour Boutique.
  6462 | D:5      | Found Noes's Jewellery Shop.
  6738 | D:5      | Found a shimmering blue altar of Sif Muna.
  6819 | D:5      | Found a bloodstained altar of Trog.
  6873 | D:5      | Found a hazy altar of Hepliaklqana.
  7846 | D:5      | Noticed Burgietje's ghost (amateur GrFi)
  7868 | D:5      | HP: 4/88 [Burgietje's ghost (14)]
  7869 | D:5      | Mangled by Burgietje's ghost

Illustrated notes

Levels and vault maps discovered:
D:1:      dpeg_arrival_lava_temple_mockup, layout_loops_ring
D:2:      layout_basic, bloody_makhleb, minivault_26, minivault_5, st_stairs_13
D:3:      layout_loops_corners, ebering_ghost_sewer_d
D:4:      minmay_angry_zag, layout_loops_ring, kennysheep_ying_yang,
          ashenzari_altar_1, serial_co_window_serial, co_window_paths_a,
          co_window_of_opportunity_a, co_window_of_opportunity_a,
          co_window_paths_a, co_window_paths_b, co_window_corner_cb,
          co_window_unsneaky_path_d, co_window_corner_b, co_window_broadway_b,
          co_window_unsneaky_path_d, co_window_broadway_b, glass_columns_a,
          glass_columns_a, glass_columns_a, glass_columns_c, glass_columns_a
D:5:      layout_rooms, nicolae_dithmenos_shadow_blocks,
          grunt_temple_overflow_open, overflow_temple_1_default, serial_shops,
          shop, kennysheep_mini, shop_fountains, shop_fountains, shop_statue,
          ebering_ghost_reflecting_pool, kennysheep_crisscross

Skill      XL: |  1  2  3  4  5  6  7  8 |
---------------+-------------------------+-----
Dodging        | 2 3 |  3.0
Conjurations   | 4 |  4.0
Spellcasting   | 3 |  3.0
Stealth        | 2 |  2.0
Fighting       | 1 3 4 5 6 8 |  8.0
Throwing       | 1 2 3 4 |  4.0
Maces & Flails | 1 2 3 |  3.0
Shields        | 3 |  3.2

Action                   |  1- 3 |  4- 6 |  7- 9 || total
-------------------------+-------+-------+-------++-------
Melee: Unarmed           |    46 |       |       ||    46
       Whip              |     2 |    21 |   131 ||   154
       Mace              |       |     5 |    21 ||    26
Throw: Stone             |     3 |    42 |   118 ||   163
       Dart              |       |       |    14 ||    14
       Throwing net      |       |       |     1 ||     1
 Cast: Magic Dart        |    63 |    12 |     6 ||    81
       Searing Ray       |     2 |    16 |    16 ||    34
  Use: Scroll            |     4 |     2 |     5 ||    11
 Stab: Sleeping          |       |       |     2 ||     2
Armor: Robe              |    19 |    11 |    29 ||    59
Dodge: Dodged            |    41 |    27 |    57 ||   125
Block: Kite shield       |       |       |    35 ||    35

Table legend: (Time is in decaauts)
 A = Elapsed time spent in this place.
 B = Non-inter-level travel time spent in this place.
 C = Inter-level travel time spent in this place.
 D = Time resting spent in this place.
 E = Time spent auto-exploring this place.
 F = Levels seen in this place.
 G = Mean time per level.
                   A        B        C        D        E       F      G
               +--------+--------+--------+--------+--------+-----+--------+
         Total |   7878 |   7450 |    428 |      0 |   6545 |   5 | 1575.6 |
       Dungeon |   7878 |   7450 |    428 |      0 |   6545 |   5 | 1575.6 |
               +--------+--------+--------+--------+--------+-----+--------+

Top non-repeatable levels by time:
     D:5: 2330 daAuts
     D:3: 1584 daAuts
     D:1: 1507 daAuts
     D:4: 1396 daAuts
     D:2: 1059 daAuts
